 Dungeon Crawl Stone Soup version 0.28-a0-1356-g2ad6d04315 (webtiles) character file.

Game seed: 15144751459598297377

39 mordus the Magician (level 3, -3/27 HPs)
             Began as a Djinni Ice Elementalist on Dec 30, 2021.
             Slain by Crazy Yiuf (13 damage)
             ... on level 2 of the Dungeon.
             The game lasted 00:05:43 (1862 turns).

mordus the Magician (Djinni Ice Elementalist)       Turns: 1862, Time: 00:05:44

Health: -3/27      AC:  8    Str:  7    XL:     3   Next: 67%
Gold:   36         EV: 12    Int: 18    God:
                   SH:  0    Dex: 13

rFire   + + .      SeeInvis .   i - +0 dagger (flame)
rCold   x . .      Faith    .   (no shield)
rNeg    . . .      Spirit   .   a - +0 robe
rPois   ∞          Reflect  .   (no helmet)
rElec   .          Harm     .   (no cloak)
rCorr   .          Rampage  .   (no gloves)
Will    .....                   (boots unavailable)
Stlth   ++........              (no amulet)
HPRegen 0.09/turn               (no ring)
MPRegen 0.00/turn               (no ring)

@: ice-armoured, freezing walls, flying
A: sickness immunity, fire resistance 2, cold vulnerability 1, float, innate
caster, hp casting, extra vitality 1
a: no special abilities


You were on level 2 of the Dungeon.
You visited 1 branch of the dungeon, and saw 2 of its levels.

You collected 36 gold pieces.

Inventory:

Hand Weapons
 d - a +0 dagger
 i - a +0 dagger of flaming (weapon)
Armour
 a - a +0 robe (worn)
Wands
 n - a wand of mindburst (15)
Scrolls
 b - a scroll of holy word {unknown}
 c - a scroll of identify {unknown}
 e - a scroll of brand weapon {unknown}
 g - a scroll of enchant weapon {unknown}
 k - a scroll of enchant armour {unknown}
 l - 4 scrolls of amnesia {unknown}
 m - 2 scrolls of blinking {unknown}
Potions
 f - 2 potions of curing {unknown}
 h - a potion of lignification {unknown}
 j - a potion of might {unknown}
 o - a potion of attraction {unknown}


   Skills:
 + Level 1.2 Fighting
 + Level 2.7 Dodging
 - Level 1.5 Stealth
 * Level 3.7 Spellcasting


You couldn't memorise any spells.
You knew the following spells:

 Your Spells              Type           Power      Damage    Failure   Level
a - Freeze                Ice            64%        1d8       3%          1
b - Frozen Ramparts       Ice            32%        1d5       10%         3
c - Ozocubu's Armour      Ice            16%        N/A       10%         3
d - Hailstorm             Conj/Ice       16%        3d6       32%         4
e - Foxfire               Conj/Fire      64%        2x1d7     3%          1
Your spell library was empty.

Dungeon Overview and Level Annotations

Branches:
Dungeon (2/15)

Altars:
Elyvilon

Annotations:
D:2 Crazy Yiuf


Innate Abilities, Weirdness & Mutations

You are immune to sickness and miasma.
You are immune to poison.
Your flesh is very heat resistant. (rF++)
You are vulnerable to cold. (rC-)
You float through the air rather than walking.
You learn spells naturally, not from books.
Your magical power is your life essence.
You have superior vitality. (+4 MHP)


Message History

Confirm with . or Enter, or press ? or * to list all spells.
You conjure some foxfire!
The foxfire hits the kobold.
The kobold is severely wounded.
The foxfire hits the kobold.
You kill the kobold!
You start resting.
HP restored.
Things that are here:
a +0 short sword; 6 poisoned darts
Casting: Foxfire (safe; 3% risk of failure)
Confirm with . or Enter, or press ? or * to list all spells.
Okay, then.
Found a mace.
Found a runed translucent door.
Crazy Yiuf shouts!
Casting: Foxfire (safe; 3% risk of failure)
Confirm with . or Enter, or press ? or * to list all spells.
The spell is quite dangerous to miscast (10% risk of failure)!
Continue anyway?
A film of ice covers your body!
Casting: Ozocubu's Armour (quite dangerous; 10% risk of failure)
Confirm with . or Enter, or press ? or * to list all spells.
You can't see any susceptible monsters within range! (Use Z to cast anyway.)
Casting: Ozocubu's Armour (quite dangerous; 10% risk of failure)
Confirm with . or Enter, or press ? or * to list all spells.
The spell is quite dangerous to miscast (10% risk of failure)!
Continue anyway?
Casting: Frozen Ramparts (quite dangerous; 10% risk of failure)
Press: ? - help, Dir - look around, f - activate The walls around you are covered in ice.
You reach down and open the door.
The wall freezes Crazy Yiuf.
Casting: Frozen Ramparts (quite dangerous; 10% risk of failure)
Confirm with . or Enter, or press ? or * to list all spells.
Aiming: Freeze (safe; 3% risk of failure)
Press: ? - help, Shift-Dir - straight line, f - Crazy Yiuf
Aim: Crazy Yiuf, wielding a +4 quarterstaff of chaos and wearing a +0 cloak (moderately wounded)
You freeze Crazy Yiuf.
Crazy Yiuf is heavily wounded.
The wall freezes Crazy Yiuf.
Crazy Yiuf hits you with a +4 quarterstaff of chaos!
You are electrocuted!
You die...

....†# ..#
#....#####.#####
.....###...#
##..## #)#
..........#
♣PP..♣ #.#
..†...##.##
♣♣.P.♣ ###.#####
.....###.# ♣♣.♣♣
#.......####
...†.....# ♣♣.♣
#######.....
..####.....#
♣.♣♣ #####) #.##
#.§#### ♣♣.♣
####### ...#
#..# ♣@♣♣
.......
.#.###..#### #g#
#######
.#.##......# ...
# .....†..#.#
#...# #
.###......##
#)..# ##### .#
##......# #####
##.... .#
#..#.### ##.....
##
##.##.#########
##### #†..... #
#..#......#....
#...# #......


You could see Crazy Yiuf.

Vanquished Creatures
  2 ball pythons
  4 endoplasms (D:2)
  4 goblins (D:2)
  3 hobgoblins (D:2)
  4 jackals (D:2)
  3 quokkas
  4 bats
  A frilled lizard (D:2)
  5 kobolds
  4 rats
34 creatures vanquished.

Vanquished Creatures (others)
  30 foxfires (D:2)
  A fungus (D:2)
31 creatures vanquished.

Grand Total: 65 creatures vanquished

Notes
Turn   | Place    | Note
-------+----------+-------------------------------------------
     0 | D:1      | mordus the Djinni Ice Elementalist began the quest for the
                  | Orb.
     0 | D:1      | Reached XP level 1. HP: 15/15 MP: 0/0
   300 | D:1      | Reached XP level 2. HP: 9/22 MP: 0/0
  1208 | D:2      | Reached XP level 3. HP: 24/26 MP: 0/0
  1208 | D:2      | Learned a level 1 spell: Foxfire
  1236 | D:2      | Reached skill level 1 in Fighting
  1578 | D:2      | Found a white marble altar of Elyvilon.
  1855 | D:2      | Found a runed translucent door.
  1856 | D:2      | Noticed Crazy Yiuf
  1862 | D:2      | Slain by Crazy Yiuf

Illustrated notes

Levels and vault maps discovered:
D:1:      minmay_arrival_semitransparent, layout_rooms
D:2:      layout_rooms, basic_altar, grunt_ministairs_14,
          uniq_crazy_yiuf_cottage

Skill      XL: |  1  2  3 |
---------------+----------+-----
Fighting       | 1 |  1.2
Dodging        | |  2.7
Stealth        | |  1.5
Spellcasting   | |  3.7

Action                   || total
-------------------------++-------
Melee: Dagger            ||    15
       Unarmed           ||     2
 Cast: Freeze            ||    29
       Foxfire           ||    19
       Ozocubu's Armour  ||     1
       Frozen Ramparts   ||     1
Armor: Robe              ||    17
Dodge: Dodged            ||    26

Table legend: (Time is in decaauts)
 A = Elapsed time spent in this place.
 B = Non-inter-level travel time spent in this place.
 C = Inter-level travel time spent in this place.
 D = Time resting spent in this place.
 E = Time spent auto-exploring this place.
 F = Levels seen in this place.
 G = Mean time per level.
                   A        B        C        D        E       F      G
               +--------+--------+--------+--------+--------+-----+--------+
         Total |   1860 |   1844 |     16 |    680 |    894 |   2 |  930.0 |
       Dungeon |   1860 |   1844 |     16 |    680 |    894 |   2 |  930.0 |
               +--------+--------+--------+--------+--------+-----+--------+

Top non-repeatable levels by time:
     D:2: 1079 daAuts
     D:1: 781 daAuts
